 Dungeon Crawl Stone Soup version 0.30.0-10-gfe55d96785 (webtiles) character file.

Game seed: 5940100868083563240

98 qw the Chopper (level 4, 0/28 HPs)
             Began as a Gargoyle Cinder Acolyte on May 16, 2023.
             Was a High Priest of Ignis.
             Slain by a cerulean imp
             ... wielding a +2 spear
             ... summoned by Natasha
              (3 damage)
             ... on level 2 of the Dungeon.
             The game lasted 00:01:07 (1594 turns).

qw the Chopper (Gargoyle Cinder Acolyte)            Turns: 1594, Time: 00:01:07

Health: 0/28       AC: 15    Str: 20    XL:     4   Next: 69%
Magic:  5/5        EV: 10    Int: 14    God:    Ignis [*****.]
Gold:   158        SH:  0    Dex:  5    Spells: 5/5 levels left

rFire   + . .        Y - -1 hand axe (flame)
rCold   . . .        (no shield)
rNeg    + . .        h - +0 ring mail
rPois   inf          (no helmet)
rElec   +            (no cloak)
rCorr   .            (no gloves)
SInv    .            (no boots)
Will    .....        (no amulet) Stlth
                     (no ring)
HPRegen 0.24/turn    (no ring)
MPRegen 0.09/turn

%: no passive effects
@: fiery-armoured
A: sickness immunity, AC +3, negative energy resistance 1, electricity
resistance, torment resistance 1, petrification resistance
a: Renounce Religion, Fiery Armour, Foxfire Swarm, Rising Flame


You were on level 2 of the Dungeon.
You worshipped Ignis.
Ignis was extremely pleased with you.
You visited 1 branch of the dungeon, and saw 2 of its levels.

You collected 158 gold pieces.


Innate Abilities, Weirdness & Mutations

You are immune to sickness and miasma.
Your stone body is resilient. (AC +3)
You are immune to poison.
You resist negative energy. (rN+)
You are resistant to electric shocks. (rElec)
You are resistant to unholy torment.
You are immune to petrification.


   Skills:
 - Level 3.2 Fighting
 + Level 4.7 Axes
 - Level 1.0 Armour
 - Level 1.0 Spellcasting
 - Level 3.0 Fire Magic


You had 5 spell levels left.
You didn't know any spells.
Your spell library contained the following spells:

 Spells                   Type           Power      Damage    Failure   Level
 Scorch                   Fire           18%        2d5       19%         2

Inventory:

Hand Weapons
 Y - a -1 hand axe of flaming (weapon)
Armour
 h - a +0 ring mail (worn)
Scrolls
 b - a scroll of enchant weapon {unknown}
 d - 4 scrolls of identify
 f - a scroll of immolation {unknown}
Potions
 a - a potion of attraction {unknown}
 c - a potion of ambrosia {unknown}
 e - a potion of haste {unknown}

Dungeon Overview and Level Annotations

Branches:
Dungeon (2/15)

Altars:

Annotations:
D:2 1 runed translucent door, Crazy Yiuf, Natasha


Message History

The magic dart hits you.
You start resting.
Natasha is nearby!
Natasha mumbles some strange words.
Natasha casts a spell at you. The magic dart hits you!
1585 ||| INVOKING Fiery Armour.
A protective cloak of flame settles atop you.
Natasha stares at you and mumbles some strange words.
The magic dart hits you.
Natasha howls an incantation.
Natasha shimmers violently.
Natasha casts a spell.
The cerulean imp barely misses you.
You closely miss Natasha. Natasha barely misses you.
The cerulean imp hits you but does no damage.
You closely miss Natasha. Natasha casts a spell at you.
The magic dart hits you. The cerulean imp closely misses you.
The cerulean imp hits you but does no damage.
You hit Natasha but do no damage. Natasha claws you but does no damage.
Natasha is burned by your cloak of flames.
Natasha is moderately wounded.
The cerulean imp hits you but does no damage.
The cerulean imp hits you from afar with a +0 spear.
You closely miss Natasha.
Natasha is moderately wounded.
Natasha claws you but does no damage.
Natasha is burned by your cloak of flames.
Natasha is heavily wounded.
The cerulean imp closely misses you. The cerulean imp barely misses you.
You closely miss Natasha.
Natasha is heavily wounded.
Natasha mumbles some strange words.
Natasha shimmers violently.
Natasha barely misses you.
The cerulean imp hits you from afar with a +2 spear.
You die...

# #.## #.................'....
##.# #.......).........####.
##.## #.................# #. #
##...# #.................# #. #
#....# #..#......#.......# #. #
#....# ##.#......#.......# #.
#####..####......55.#.......####.
.................h...............
................@.......#########
......................###
............#.....#.#.#
............#.....#.%.#
............##.......###
............##.......'.#
............##.......#'#########
#.###.......##...##............#
#...........##...##............#


You could see Natasha and 2 cerulean imps.

Vanquished Creatures
  Natasha (D:2)
  2 adders (D:2)
  2 dart slugs
  7 endoplasms
  4 giant cockroaches (D:1)
  4 goblins (D:1)
  4 hobgoblins (D:1)
  3 quokkas (D:1)
  3 ball pythons
  4 bats
  7 frilled lizards
  5 kobolds
  7 rats
53 creatures vanquished.

Notes
Turn   | Place    | Note
-------+----------+-------------------------------------------
     0 | D:1      | qw the Gargoyle Cinder Acolyte began the quest for the Orb.
     0 | D:1      | Reached XP level 1. HP: 14/14 MP: 2/2
     0 | D:1      | 0 ||| qw: Version: 0.2-a-94-gbb182e1
     0 | D:1      | 0 ||| qw: Game counter: 48
     0 | D:1      | 0 ||| qw: Always use a shield: true
     0 | D:1      | 0 ||| qw: God list: Okawaru
     0 | D:1      | 0 ||| qw: Allow faded altars: false
     0 | D:1      | 0 ||| qw: Do Orc after D:15 true
     0 | D:1      | 0 ||| qw: Do second Lair branch before Depths: true
     0 | D:1      | 0 ||| qw: Lair rune preference: random
     0 | D:1      | 0 ||| qw: Plans: Normal
     0 | D:1      | 0 ||| PLANNING D:1-11
    56 | D:1      | Reached skill level 3 in Axes
   130 | D:1      | 130 ||| INVOKING Fiery Armour.
   132 | D:1      | Reached XP level 2. HP: 8/19 MP: 3/3
   142 | D:1      | 142 ||| Stepping ~*~*~tactically~*~*~ (stealth).
   281 | D:1      | 281 ||| Stepping ~*~*~tactically~*~*~ (stealth).
   296 | D:1      | Reached XP level 3. HP: 18/23 MP: 4/4
   666 | D:1      | 666 ||| Stepping ~*~*~tactically~*~*~ (stealth).
   697 | D:1      | Reached skill level 4 in Axes
   856 | D:1      | 856 ||| UPGRADING to +0 leather armour.
   866 | D:1      | 866 ||| DROPPING +0 robe.
   867 | D:1      | 867 ||| UPGRADING to +0 ring mail.
   877 | D:1      | 877 ||| DROPPING +0 leather armour.
   878 | D:1      | 878 ||| READING scroll labelled CAORPH XALUFFA.
   879 | D:1      | 879 ||| READING 3 scrolls labelled HIRINONAOMP.
   880 | D:1      | 880 ||| READING scroll labelled ELUKIFF YSHRU.
   881 | D:1      | 881 ||| DRINKING 2 bubbling inky potions.
   882 | D:1      | 882 ||| DROPPING potion of magic.
   966 | D:2      | 966 ||| Stepping ~*~*~tactically~*~*~ (hiding).
   967 | D:2      | 967 ||| Stepping ~*~*~tactically~*~*~ (hiding).
  1026 | D:2      | Reached skill level 1 in Armour
  1188 | D:2      | Reached XP level 4. HP: 27/28 MP: 5/5
  1312 | D:2      | Found a runed translucent door.
  1313 | D:2      | Noticed Crazy Yiuf
  1513 | D:2      | Noticed Natasha
  1519 | D:2      | Killed Natasha
  1579 | D:2      | Noticed Natasha
  1580 | D:2      | 1580 ||| Stepping ~*~*~tactically~*~*~ (hiding).
  1585 | D:2      | 1585 ||| INVOKING Fiery Armour.
  1591 | D:2      | HP: 6/28 [Natasha/magic dart (4)]
  1592 | D:2      | HP: 2/28 [cerulean imp/+0 spear[Natasha] (4)]
  1594 | D:2      | Slain by a cerulean imp

Levels and vault maps discovered:
D:1:      mrwooster_arrival_statue_2, layout_loops_ring
D:2:      layout_basic, uniq_crazy_yiuf_cottage, uniq_natasha

Skill      XL: |  1  2  3 |
---------------+----------+-----
Axes           | 3 4 |  4.7
Armour         | 1 |  1.0
Fighting       | |  3.2
Spellcasting   | |  1.0
Fire Magic     | |  3.0

Action                     |  1- 3 |  4- 6 || total
---------------------------+-------+-------++-------
  Melee: Hand axe          |   135 |    36 ||   171
         Punch             |     1 |       ||     1
 Invoke: Fiery Armour      |     1 |     1 ||     2
    Use: Scroll            |     3 |       ||     3
         Potion            |     1 |       ||     1
 Armour: Robe              |    37 |       ||    37
         Ring mail         |    12 |    18 ||    30
  Dodge: Dodged            |    76 |    25 ||   101

Table legend:
 A = Non-vault XP
 B = Vault XP
 C = Vault XP percentage of total XP
 D = Non-vault monster count
 E = Vault monster count
 F = Vault count percentage of total count
                 A         B        C        D         E       F
            +---------+---------+-------+---------+---------+-------
      Total |     105 |      35 |  25.0 |      52 |       1 |   1.9
            +---------+---------+-------+---------+---------+-------
        D:1 |      57 |       0 |   0.0 |      34 |       0 |   0.0
        D:2 |      48 |      35 |  42.2 |      18 |       1 |   5.3
            +---------+---------+-------+---------+---------+-------
